 Dungeon Crawl Stone Soup version 0.30-a0-718-geaa24f58ff (webtiles) character file.

Game seed: 17062660818033987235

69 Lobster4 the Ducker (level 4, -1/33 HPs)
             Began as a Human Wanderer on Jan 25, 2023.
             Slain by a gnoll
             ... wielding a +0 flail
              (2 damage)
             ... on level 2 of the Dungeon.
             The game lasted 00:03:44 (1235 turns).

Lobster4 the Ducker (Human Wanderer)                Turns: 1235, Time: 00:03:45

Health: -1/33      AC:  7    Str: 12    XL:     4   Next: 42%
Magic:  6/6        EV: 12    Int: 12    God:
Gold:   31         SH:  0    Dex: 15    Spells: 5/6 levels left

rFire   . . .      SeeInvis .    j - +1 falchion (venom)
rCold   . . .      Faith    .    (no shield)
rNeg    . . .      Spirit   .    q - +0 ring mail
rPois   .          Reflect  .    (no helmet)
rElec   .          Harm     .    (no cloak)
rCorr   .          Rampage  .    d - +1 pair of gloves
Will    .....                    (no boots)
Stlth   +                        (no amulet)
HPRegen 0.25/turn                (no ring)
MPRegen 0.10/turn                (no ring)

@: no status effects
A: no striking features
a: no special abilities


You were on level 2 of the Dungeon.
You visited 1 branch of the dungeon, and saw 2 of its levels.

You collected 61 gold pieces.
You spent 30 gold pieces at shops.

Inventory:

Hand Weapons
 a - a +0 club
 i - a +0 short sword
 j - a +1 falchion of venom (weapon)
 o - a +1 dagger of draining
Missiles
 g - 2 poisoned darts (quivered)
 h - 2 stones
Armour
 c - a +0 robe
 d - a +1 pair of gloves (worn)
 q - a +0 ring mail (worn)
Wands
 s - a wand of mindburst (9)
Scrolls
 b - 2 scrolls of blinking
 e - a scroll of enchant armour
 k - a scroll of teleportation {unknown}
 m - 3 scrolls of identify {unknown}
 n - 2 scrolls of poison {unknown}
Potions
 f - a potion of flight {unknown}
 l - 3 potions of heal wounds {unknown}
 p - a potion of haste {unknown}


   Skills:
 + Level 1.7 Fighting
 + Level 0.8 Long Blades
 + Level 1.0 Throwing
 + Level 1.3 Armour
 - Level 4.0 Dodging
 + Level 1.5 Spellcasting
 + Level 3.3 Ice Magic
 + Level 1.6 Air Magic


You had 5 spell levels left.
You knew the following spells:

 Your Spells              Type           Power      Damage    Failure   Level
a - Freeze                Ice            32%        1d5       16%         1

Your spell library contained the following spells:

 Spells                   Type           Power      Damage    Failure   Level
 Shock                    Conj/Air       8%         1d3       41%         1
 Ozocubu's Armour         Ice            8%         N/A       43%         3
 Swiftness                Air            5%         N/A       67%         3
 Ice Form                 Ice/Tmut       4%         N/A       97%         4


Dungeon Overview and Level Annotations

Branches:
Dungeon (2/15)

Altars:
Ashenzari

Shops:
D:1 !


Message History

The gnoll attacks as you move away! The gnoll misses you.
You hit the gnoll but do no damage.
The gnoll is poisoned.
The gnoll hits you with a +0 whip.
You slash the gnoll!
The gnoll is severely wounded.
The gnoll barely misses you.
You hit the gnoll.
You kill the gnoll!
Your Throwing skill increases to level 1!
You closely miss the gnoll. The gnoll hits you with a +0 club.
* * * LOW HITPOINT WARNING * * *
The gnoll hits you but does no damage.
You hit the gnoll.
The gnoll is poisoned.
The gnoll is lightly wounded.
The gnoll barely misses you.
You hit the gnoll but do no damage.
The gnoll looks as sick as possible!
The gnoll is lightly wounded.
The gnoll hits you with a +0 club.
* * * LOW HITPOINT WARNING * * *
You hit the gnoll.
The gnoll looks as sick as possible!
The gnoll is moderately wounded.
The gnoll barely misses you. The gnoll hits you with a +0 club.
* * * LOW HITPOINT WARNING * * *
The gnoll attacks as you move away! The gnoll closely misses you.
You kill the gnoll!
The gnoll throws a throwing net.
The throwing net barely misses you.
You see here a throwing net.
You feel better. The gnoll closely misses you.
You see here a throwing net.
You barely miss the gnoll. The gnoll hits you with a +0 flail!
* * * LOW HITPOINT WARNING * * *
You barely miss the gnoll. The gnoll barely misses you.
You closely miss the gnoll. The gnoll closely misses you.
You hit the gnoll.
The gnoll is moderately wounded.
The gnoll hits you with a +0 flail.
* * * LOW HITPOINT WARNING * * *
The gnoll hits you with a +0 flail.
You die...

# ..# #.#
#..............#
# ##.#
#.##..........##
#..###..##
#.##.########.#
#....)..># #.##)#
#.# #.####.#.#
#.##.# #.#
#.#†####.##.# #.#
#......#.##)# #.#
######.##.#.##g#
.#
..............@.#
...........######
#######.........
##########


You could see a gnoll.

Vanquished Creatures
  3 gnolls (D:2)
  5 bats
  4 endoplasms
  5 hobgoblins (D:1)
  3 kobolds
  2 quokkas (D:1)
  7 ball pythons
  A frilled lizard (D:1)
  5 goblins
  3 rats (D:1)
38 creatures vanquished.

Notes
Turn   | Place    | Note
-------+----------+-------------------------------------------
     0 | D:1      | Lobster4 the Human Wanderer began the quest for the Orb.
     0 | D:1      | Lobster4 set off with the following items: a +0 club, a
                  | scroll of blinking, a +0 robe, a +0 pair of gloves; and the
                  | following spells available to memorise: Freeze, Shock,
                  | Ozocubu's Armour, Swiftness, Ice Form.
     0 | D:1      | Reached XP level 1. HP: 15/15 MP: 2/2
     2 | D:1      | Learned a level 1 spell: Freeze
    68 | D:1      | You fall into a shaft and drop 1 floor!
   131 | D:2      | Reached XP level 2. HP: 9/21 MP: 1/3
   197 | D:2      | Found a broken altar of Ashenzari.
   355 | D:1      | Reached XP level 3. HP: 25/26 MP: 4/4
   377 | D:1      | Reached skill level 1 in Armour
   774 | D:1      | Found Xiaven's Distillery.
  1040 | D:1      | Bought a potion of curing for 30 gold pieces
  1207 | D:2      | Reached XP level 4. HP: 23/32 MP: 6/6
  1221 | D:2      | Reached skill level 1 in Throwing
  1235 | D:2      | HP: 1/33 [gnoll/+0 flail (5)]
  1235 | D:2      | Slain by a gnoll

Illustrated notes

Levels and vault maps discovered:
D:1:      dpeg_arrival_court, layout_basic, serial_shops, nicolae_lakefront_shop
D:2:      layout_loops_ring, basic_altar,
          shapermc_ecumenical_altar_totnotflames, minmay_misc_feat_alley,
          uniq_terence

Skill      XL: |  1  2  3  4 |
---------------+-------------+-----
Armour         | 1 |  1.3
Throwing       | 1 |  1.0
Fighting       | |  1.7
Long Blades    | |  0.8
Dodging        | |  4.0
Spellcasting   | |  1.5
Ice Magic      | |  3.3
Air Magic      | |  1.6

Action                     |  1- 3 |  4- 6 || total
---------------------------+-------+-------++-------
  Melee: Club              |    26 |       ||    26
         Falchion          |    62 |    11 ||    73
         Short sword       |     3 |       ||     3
   Cast: Freeze            |     2 |       ||     2
    Use: Scroll            |     2 |       ||     2
         Potion            |       |     1 ||     1
   Stab: Sleeping          |     3 |       ||     3
         Distracted        |     1 |       ||     1
 Armour: Robe              |    16 |       ||    16
         Ring mail         |       |     2 ||     2
  Dodge: Dodged            |    82 |    14 ||    96

Table legend: (Time is in decaauts)
 A = Elapsed time spent in this place.
 B = Non-inter-level travel time spent in this place.
 C = Inter-level travel time spent in this place.
 D = Time resting spent in this place.
 E = Time spent auto-exploring this place.
 F = Levels seen in this place.
 G = Mean time per level.
                   A        B        C        D        E       F      G
               +--------+--------+--------+--------+--------+-----+--------+
         Total |   1261 |   1206 |     55 |     67 |    784 |   2 |  630.5 |
       Dungeon |   1261 |   1206 |     55 |     67 |    784 |   2 |  630.5 |
               +--------+--------+--------+--------+--------+-----+--------+

Top non-repeatable levels by time:
     D:1: 933 daAuts
     D:2: 328 daAuts
